 Dungeon Crawl Stone Soup version 0.28-a0-1356-g2ad6d04315 (webtiles) character file.

Game seed: 14372323859278117325

53312 Charmandara the Gouger (level 14, -1/83 HPs)
             Began as a Felid Ice Elementalist on Dec 27, 2021.
             Was a High Priest of Dithmenos.
             Slain by an orc warrior (14 damage)
             ... led by an orc warlord
             ... on level 2 of the Orcish Mines on Dec 31, 2021.
             The game lasted 02:31:09 (25434 turns).

Charmandara the Gouger (Felid Ice Elementalist)    Turns: 25434, Time: 02:31:09

Health: -1/83      AC: 30    Str:  4    XL:     14   Next: 30%
Magic:  3/27       EV: 24    Int: 24    God:    Dithmenos [*****.]
Gold:   1119       SH:  0    Dex: 19    Spells: 3/29 levels left
                                        Lives:  0   Deaths: 2

rFire   + . .      SeeInvis +     - Unarmed
rCold   . . .      Faith    .   (shield unavailable)
rNeg    + . .      Spirit   .   (armour unavailable)
rPois   ∞          Reflect  .   (helmet unavailable)
rElec   +          Harm     .   (cloak unavailable)
rCorr   .          Rampage  .   (gloves unavailable)
Will    +....                   (boots unavailable)
Stlth   ++++++....              r - amulet of Terra Nullius {Acrobat rPois rF+ Int+2 Stlth-}
HPRegen 0.23/turn               A - +4 ring of protection
MPRegen 0.20/turn               Z - ring of wizardry {Wiz+, !d}

@: about to teleport, statue-form, weak-willed, wreathed by umbra, studying
Fighting, very slow
A: slow and powerful, torment resistance 1, boosted hp, very small, claws 1,
fangs 3, see invisible, (speed 1), (shaggy fur 3), stealthy paws, no weapons or
thrown items, no armour, multi-lived
a: End Transformation, Renounce Religion, Shadow Step, Shadow Form


You were on level 2 of the Orcish Mines.
You worshipped Dithmenos.
Dithmenos was extremely pleased with you.
You were a living statue of rough stone.
You visited 4 branches of the dungeon, and saw 21 of its levels.
You also visited: Sewer, Bailey and Volcano.

You collected 3169 gold pieces.
You spent 2050 gold pieces at shops.

Inventory:

Missiles
 c - 2 curare-tipped darts
 g - 2 throwing nets {!d}
Jewellery
 b - an amulet of reflection
   (You found it on level 7 of the Dungeon)
 k - a ring of willpower
   (You found it on level 6 of the Dungeon)
 p - an amulet of regeneration
   (You found it on level 3 of the Lair of Beasts)
 r - the amulet of Terra Nullius (around neck) {Acrobat rPois rF+ Int+2 Stlth-}
   (You acquired it on level 4 of the Lair of Beasts)

   [amulet of the acrobat]

   It increases your evasion while moving and waiting.
   Int:       It affects your intelligence (+2).
   rF:        It protects you from fire.
   rPois:     It protects you from poison.
   Stlth:     It makes you less stealthy.
 s - an amulet of magic regeneration
   (You found it on level 5 of the Lair of Beasts)
 A - a +4 ring of protection (left paw)
   (You found it on level 4 of the Dungeon)
 F - a ring of protection from fire {rF+, !d}
   (You took it off a kobold on level 8 of the Dungeon)
 Z - a ring of wizardry (right paw) {Wiz+, !d}
   (You bought it in a shop on level 4 of the Dungeon)
Wands
 d - a wand of digging (6)
   (You found it on level 4 of the Lair of Beasts)
 e - a wand of charming (12)
   (You found it on level 9 of the Dungeon)
 h - a wand of acid (6)
   (You found it on level 7 of the Dungeon)
 i - a wand of iceblast (1)
   (You found it on level 3 of the Lair of Beasts)
 j - a wand of polymorph (6)
   (You found it on level 9 of the Dungeon)
 q - a wand of flame (15)
   (You found it on level 2 of the Lair of Beasts)
Scrolls
 f - 4 scrolls of fog
 n - 7 scrolls of identify {@r1}
 o - 2 scrolls of torment {!r}
 u - a scroll of amnesia
 D - 2 scrolls of blinking {!r}
 K - a scroll of immolation {!r}
 S - a scroll of summoning
 V - a scroll of vulnerability {!r!r}
 W - 2 scrolls of holy word {!r}
 X - 2 scrolls of magic mapping {@r4!r}
 Y - 6 scrolls of teleportation {@r3}
Potions
 a - 2 potions of magic
 l - 2 potions of attraction {!q}
 m - 3 potions of cancellation
 I - a potion of invisibility
 J - 5 potions of curing {@q1}
 L - 2 potions of flight
 M - a potion of might
 P - a potion of lignification {!q}
 R - 4 potions of resistance
 U - 3 potions of mutation {!q}
Miscellaneous
 v - a piece from Xom's chessboard (15/15)
   (You found it on level 11 of the Dungeon)
 w - a phial of floods
   (You found it on level 5 of the Lair of Beasts)


   Skills:
 + Level 9.2 Fighting
 - Level 9.0 Dodging
 - Level 10.8 Stealth
 + Level 13.2 Unarmed Combat
 - Level 8.0 Spellcasting
 - Level 2.0 Hexes
 - Level 1.0 Necromancy
 - Level 11.0 Transmutations
 - Level 6.0 Ice Magic
 - Level 9.0 Earth Magic
 - Level 10.0 Invocations
 - Level 5.2 Evocations


You had 3 spell levels left.
You knew the following spells:

 Your Spells              Type           Power      Damage    Failure   Level
a - Freeze                Ice            100%       1d11      1%          1
b - Lesser Beckoning      Tloc           9%         N/A       8%          3
d - Tukima's Dance        Hex            19%        N/A       3%          3
h - Ensorcelled Hibernat  Hex/Ice        56%        N/A       1%          2
o - Ozocubu's Armour      Ice            38%        N/A       1%          3
s - Hailstorm             Conj/Ice       24%        3d7       8%          4
x - Frozen Ramparts       Ice            76%        1d9       1%          3
z - Statue Form           Tmut/Erth      36%        N/A       6%          6
A - Animate Skeleton      Necr           28%        N/A       1%          1

Your spell library contained the following spells:

 Spells                   Type           Power      Damage    Failure   Level
 Pain                     Necr           56%        1d6       1%          1
 Sting                    Tmut/Pois      100%       1d8       1%          1
 Corpse Rot               Necr/Air       24%        N/A       3%          2
 Poisonous Vapours        Pois/Air       18%        N/A       4%          2
 Dazzling Flash           Conj/Hex       28%        N/A       5%          3
 Vampiric Draining        Necr           14%        2d7       5%          3
 Gell's Gravitas          Tloc           9%         N/A       8%          3
 Teleport Other           Tloc           9%         N/A       8%          3
 Lee's Rapid Deconstruct  Erth           25%        3d15*     1%          5
 Leda's Liquefaction      Hex/Erth       18%        N/A       2%          4
 Dispel Undead            Necr           14%        3d10      16%         4
 Airstrike                Air            4%         N/A       26%         4
 Iskenderun's Mystic Bla  Conj/Tloc      9%         2d4       26%         4
 Olgreb's Toxic Radiance  Pois           9%         N/A       26%         4
 Summon Lightning Spire   Summ/Air       9%         N/A       26%         4
 Iron Shot                Conj/Erth      15%        9d4       50%         6
 Iskenderun's Battlesphe  Conj           9%         2d6       54%         5
 Lightning Bolt           Conj/Air       4%         1d16      54%         5
 Death Channel            Necr           7%         N/A       92%         6
 Starburst                Conj/Fire      4%         6d4       98%         6
 Enfeeble                 Hex            9%         N/A       100%        7
 Spellforged Servitor     Conj/Summ      4%         N/A       100%        7


Dungeon Overview and Level Annotations

Branches:
Dungeon (12/15)            Temple (1/1) D:4            Lair (6/6) D:10
  Swamp (0/4) Lair:2       Spider (0/4) Lair:2        Slime (0/5) Lair:6
    Orc (2/2) D:12          Sewer (visited)          Bailey (visited)
Volcano (visited)
    Elf: Orc:2

Altars:
Ashenzari
Cheibriados
Dithmenos
Elyvilon
Fedhas
Gozag
Hepliaklqana
Kikubaaqudgha
Makhleb
Nemelex Xobeh
Okawaru
Qazlal
Ru
Sif Muna
Trog
Uskayaw
Vehumet
Wu Jian
Xom
Yredelemnul
Zin
The Shining One
Beogh
Jiyva

Shops:
D:4 [=*=   D:8 [   D:10 [   Orc:2 [?:

Annotations:
Lair:1 exclusions: 2 downstairs and 3 oklob plants
Lair:4 2 transporters
Lair:5 2 transporters


Innate Abilities, Weirdness & Mutations

You are a living statue of rough stone.
Your actions are slow, but your melee attacks are powerful.
You are resistant to unholy torment.
Your maximum health is greatly increased.
You are immune to poison.
You have sharp claws.
You have razor-sharp teeth.
You have supernaturally acute eyesight. (SInv)
((You cover ground quickly. (Speed+)))
((Your thick and shaggy fur keeps you warm. (AC +3, rC+)))
Your paws help you pounce on unaware monsters.
You are incapable of wielding weapons or throwing items.
You cannot wear armour.
You gain extra lives every three experience levels.


Message History

The orc warlord roars a battlecry!
The orcs go into a battle-frenzy!
You now have 7/27 mp.
Aim: an orc warlord, wielding a +3 broad axe of draining, wearing a +0 chain mail and wearing a +0 kite shield (weak-willed, umbra, chance to affect: 43%)
The orc warlord resists with some effort.
The orc warrior hits you but does no damage.
The orc warrior closely misses you. The orc warrior misses you.
The orc completely misses you. The orc warrior completely misses you.
You now have 4/27 mp.
Aim: an orc warlord, wielding a +3 broad axe of draining, wearing a +0 chain mail and wearing a +0 kite shield (weak-willed, umbra, chance to affect: 43%)
The orc warlord resists with some effort.
The orc warrior closely misses you.
The orc warrior hits you from afar with a +0 trident!
The orc hits you but does no damage.
You take 13 damage, and have 70/83 hp.
You now have 2/27 mp.
The orc warrior completely misses you. The orc warrior completely misses you.
The orc completely misses you.
Items here: )) [ †.
Aim: an orc warlord, wielding a +3 broad axe of draining, wearing a +0 chain mail and wearing a +0 kite shield (weak-willed, umbra)
The mass of ice explodes!
The iceblast engulfs the orc warrior.
The iceblast engulfs the orc!
You kill the orc!
Dithmenos accepts your kill.
The iceblast engulfs the orc warlord!!
You hear a shout! x9
Unknown command.
Unknown command.
Okay, then.
Aim: an orc warlord, wielding a +3 broad axe of draining, wearing a +0 chain mail and wearing a +0 kite shield (lightly wounded, weak-willed, umbra, chance to affect: 43%)
The +3 broad axe of draining dances into the air!
The orc warlord misses you.
You now have 0/27 mp.
You claw the orc warlord!
The orc warlord blocks your shadow's attack.
The orc warrior hits you but does no damage.
The orc warlord hits you but does no damage.
You scratch the orc warlord but do no damage.
The orc warrior closely misses you.
Your +3 broad axe of draining hits the orc warrior.
The orc warlord hits you but does no damage.
You scratch the orc warlord but do no damage.
Your shadow hits the orc warlord but does no damage.
The orc warrior barely misses you.
Your +3 broad axe of draining closely misses the orc warrior.
The orc warlord hits you!! The orc warrior misses you.
You take 18 damage, and have 54/83 hp.
MASSIVE DAMAGE!!
The orc warlord blocks your attack.
The orc warlord hits you but does no damage.
The orc warrior barely misses you.
Your +3 broad axe of draining hits the orc warrior!
You mangle the orc warlord!!
The orc warrior no longer looks unusually strong. x2
The orc warlord hits you. The orc warrior closely misses you.
You take 2 damage, and have 52/83 hp.
The orc warlord blocks your attack.
Your shadow hits the orc warlord but does no damage.
The orc warlord roars a battlecry!
The orc warriors go into a battle-frenzy!
Your +3 broad axe of draining hits the orc warrior.
The orc warrior misses you.
You mangle the orc warlord!! The orc warlord misses you.
The orc warrior closely misses you.
The orc warrior hits your +3 broad axe of draining with a +0 battleaxe!
The orc warrior shouts!
You scratch the orc warlord but do no damage.
Your shadow barely misses the orc warlord.
The orc warlord closely misses you.
The orc warrior hits you from afar with a +0 trident!
The orc warlord hits you but does no damage.
You take 17 damage, and have 36/83 hp.
MASSIVE DAMAGE!!
The orc warlord blocks your attack. The orc warrior completely misses you.
An orc warrior comes into view. It is wielding a +0 long sword.
The orc warlord roars a battlecry!
The orc warrior goes into a battle-frenzy!
Okay, then.
Aim: an orc warlord, wearing a +0 chain mail and wearing a +0 kite shield (heavily wounded, weak-willed, umbra, 84% to hit)
The bolt of acid hits the orc warlord but does no damage.
The bolt of acid hits the orc warrior! x2; The acid corrodes the orc warrior!
You kill the orc warrior!
Dithmenos accepts your kill.
The orc warrior hits you from afar with a +0 trident.
The orc warlord hits you. The orc warrior barely misses you.
You take 4 damage, and have 32/83 hp.
Unknown command.
Unknown command.
Aim: an orc warlord, wearing a +0 chain mail and wearing a +0 kite shield (heavily wounded, weak-willed, umbra, 84% to hit)
The bolt of acid hits the orc warlord!
The acid corrodes the orc warlord!
The bolt of acid hits the orc warrior.
The acid corrodes the orc warrior!
The orc warlord hits you!!
* * * LOW HITPOINT WARNING * * *
The orc warrior misses you.
The orc warlord hits you but does no damage.
You take 19 damage, and have 13/83 hp.
MASSIVE DAMAGE!!
As you read the scroll of teleportation {@r3}, it crumbles to dust.
You feel strangely unstable.
The orc warrior hits you from afar with a +0 trident!
You die...

#.. #.# #.# #.
#..#######.###.###)
#................))
#..###.###......... ..#
#.# #..8...8.. #.# #.#
#.........
#o###.###.###'###.
#.).))....#.....#.
#8###)###.#.....#. #o#
#.# #.#.._ .#.
.#######o###.###.#######.
.......))................
.........................
...................#.#.#.
#.............#.#....)..#
.........#....##.......##
.......####...........[#.


You could see an orc warlord (weak-willed, corroded) and 2 orc warriors.

Vanquished Creatures
  Rupert (Lair:6)
  Josephine (D:11)
  7 hydras
  A boulder beetle (Lair:5)
  A merfolk avatar (Lair:6)
  A catoblepas (Lair:6)
  5 two-headed ogres
  Sonja (Lair:2)
  An orb spider (Lair:2)
  A sea snake (Lair:6)
  2 bog bodies (Lair:2)
  6 orc knights
  A harpy (Lair:6)
  3 lindwurms
  3 deep elf zephyrmancers (Orc:1)
  6 deep elf pyromancers (Orc:1)
  An ugly thing (D:12)
  2 orc sorcerers
  An oklob plant (Lair:6)
  2 cyclopes
  5 black mambas
  4 elephants (Lair:5)
  A toenail golem (Volcano)
  11 cane toads
  2 molten gargoyles (Volcano)
  2 unseen horrors
  A kobold demonologist (D:9)
  8 komodo dragons
  5 rime drakes
  2 efreet (Volcano)
  A yaktaur (D:10)
  5 polar bears
  7 trolls
  A wind drake (Lair:6)
  2 hornets (Lair:6)
  2 snapping turtles (Lair:6)
  A blink frog (Lair:6)
  A meliai zombie (D:11)
  2 shadows (D:11)
  4 wraiths (D:11)
  6 wyverns
  2 vampires
  Eustachio (D:6)
  44 yaks
  2 fire elementals (Volcano)
  A basilisk (Lair:6)
  A steam dragon (Lair:6)
  8 vampire mosquitoes
  Edmund (D:4)
  5 wargs
  An acid dragon (D:12)
  13 water moccasins
  Duvessa (D:7)
  30 orc warriors
  2 sky beasts
  3 ogres (Orc:2)
  10 wolves
  A phantom (D:6)
  5 centaurs
  15 bullfrogs
  3 earth elementals (Volcano)
  3 kobold brigands
  A gnoll sergeant (D:11)
  A water moccasin zombie (D:5)
  3 scorpions
  A water moccasin skeleton (D:5)
  Dowan (D:7)
  9 killer bees
  3 wights (D:9)
  7 electric eels
  A howler monkey (D:12)
  A bullfrog zombie (D:5)
  5 centaur zombies
  3 hounds
  4 jellies
  2 centaur skeletons (D:7)
  5 gnoll shamans
  7 orc priests
  Jessica (D:2)
  4 iguanas
  6 orc wizards
  A hound zombie (D:5)
  A hound skeleton (D:5)
  25 gnolls
  12 adders
  2 river rats (Sewer)
  A white imp (D:7)
  2 ufetubi (D:4)
  2 worms (D:4)
  64 orcs
  7 endoplasms
  5 giant cockroaches
  13 goblins
  7 hobgoblins
  7 quokkas
  10 ball pythons
  7 bats
  9 frilled lizards
  21 kobolds
  17 rats
  2 fire vortices (Volcano)
552 creatures vanquished.

Vanquished Creatures (collateral kills)
  An orc knight (Orc:2)
  A troll (D:10)
  A warg (Orc:2)
  2 orc warriors
  A gnoll sergeant (D:10)
  A wight (D:9)
  An orc (Bailey)
8 creatures vanquished.

Vanquished Creatures (others)
  A cyclops (D:12)
  2 wargs (Orc:1)
  A dancing weapon (Orc:2)
  An orc warrior (Orc:1)
  An orc wizard (Orc:1)
  A goblin (D:11)
  14 fungi
  46 plants
67 creatures vanquished.

Grand Total: 627 creatures vanquished

Notes
Turn   | Place    | Note
-------+----------+-------------------------------------------
     0 | D:1      | Charmandara the Felid Ice Elementalist began the quest for
                  | the Orb.
     0 | D:1      | Reached XP level 1. HP: 7/7 MP: 4/4
   178 | D:2      | Reached skill level 4 in Ice Magic
   211 | D:1      | Reached XP level 2. HP: 11/11 MP: 4/6
   980 | D:1      | Learned a level 2 spell: Ensorcelled Hibernation
  1050 | D:2      | Found a faded altar of an unknown god.
  1109 | D:2      | Reached XP level 3. HP: 10/14 MP: 3/7
  1482 | D:2      | Reached skill level 1 in Hexes
  1646 | D:2      | Noticed Jessica
  1650 | D:2      | Killed Jessica
  1651 | D:2      | Reached skill level 2 in Hexes
  1651 | D:2      | Reached skill level 5 in Ice Magic
  1651 | D:2      | Reached XP level 4. HP: 12/18 MP: 5/8
  1749 | D:2      | Learned a level 3 spell: Frozen Ramparts
  1751 | D:2      | Learned a level 1 spell: Animate Skeleton
  2300 | D:3      | Reached skill level 1 in Necromancy
  2520 | D:3      | Reached XP level 5. HP: 21/21 MP: 5/9
  2787 | D:3      | Reached skill level 6 in Ice Magic
  3171 | D:4      | Found a glowing drain.
  3231 | Sewer    | Entered a sewer
  3506 | Sewer    | Gained mutation: You are covered in thick fur. (AC +2)
                  | [Felid growth]
  3506 | Sewer    | Reached XP level 6. HP: 11/24 MP: 4/11
  3734 | Sewer    | Reached skill level 3 in Spellcasting
  3980 | D:4      | Found Hol Uric's Assorted Antiques.
  4043 | D:4      | Noticed Edmund
  4135 | D:4      | Killed Edmund
  4136 | D:4      | Reached skill level 4 in Spellcasting
  4172 | D:4      | Found a shadowy altar of Dithmenos.
  4183 | D:4      | Found Heot's Jewellery Boutique.
  4211 | D:4      | Found a staircase to the Ecumenical Temple.
  4217 | Temple   | Entered the Ecumenical Temple
  4365 | D:4      | Became a worshipper of Dithmenos the Shadowed
  4373 | D:4      | Learned a level 6 spell: Statue Form
  4690 | D:4      | Found a blossoming altar of Fedhas.
  4896 | D:4      | Found Ahuraer's Jewellery Emporium.
  4900 | D:4      | Found Taer's Antique Armour Emporium.
  5055 | D:4      | Reached skill level 1 in Transmutations
  5075 | D:4      | Reached skill level 1 in Earth Magic
  5075 | D:4      | Reached XP level 7. HP: 22/27 MP: 8/14
  5421 | D:4      | Reached skill level 2 in Transmutations
  5718 | D:4      | Bought a scroll labelled GUUTIPS TYISHRIEWN for 30 gold
                  | pieces
  5718 | D:4      | Bought a scroll labelled NESUUHOUXE for 30 gold pieces
  5772 | D:5      | Entered Level 5 of the Dungeon
  6255 | D:4      | Acquired 1030 gold pieces
  6291 | D:4      | Bought a ring of wizardry for 330 gold pieces
  6291 | D:4      | Bought a ring of poison resistance for 220 gold pieces
  6418 | D:4      | Reached skill level 2 in Earth Magic
  6666 | D:4      | Reached skill level 3 in Transmutations
  6956 | D:5      | Reached skill level 1 in Fighting
  6956 | D:5      | Reached skill level 1 in Unarmed Combat
  7155 | D:5      | Reached skill level 2 in Fighting
  7155 | D:5      | Reached skill level 2 in Unarmed Combat
  7164 | D:5      | Reached XP level 8. HP: 33/34 MP: 7/15
  7359 | D:5      | Found a broken altar of Ashenzari.
  7513 | D:5      | Reached skill level 3 in Unarmed Combat
  7712 | D:6      | Reached skill level 3 in Fighting
  7744 | D:6      | Noticed Eustachio
  7752 | D:6      | Killed Eustachio
  7753 | D:6      | Reached skill level 4 in Unarmed Combat
  7846 | D:6      | Reached * piety under Dithmenos
  7847 | D:6      | Reached skill level 5 in Unarmed Combat
  7848 | D:6      | Reached skill level 3 in Stealth
  7849 | D:6      | Reached skill level 3 in Earth Magic
  7913 | D:6      | Reached skill level 4 in Transmutations
  8416 | D:6      | Reached skill level 4 in Stealth
  8831 | D:7      | Found a hide-covered altar of Uskayaw.
  8868 | D:7      | Found a flagged portal.
  8883 | Bailey   | Entered a bailey
  8892 | Bailey   | Learned a level 2 spell: Ensorcelled Hibernation
  8904 | Bailey   | Reached skill level 4 in Earth Magic
  8904 | Bailey   | Reached XP level 9. HP: 26/37 MP: 7/16
  9096 | Bailey   | Reached ** piety under Dithmenos
  9097 | Bailey   | Reached skill level 5 in Transmutations
  9652 | Bailey   | Reached skill level 5 in Stealth
  9779 | Bailey   | Reached skill level 5 in Earth Magic
 10074 | Bailey   | Identified the +0 helmet "Porcha Equikh" {Harm *Slow rC++
                  | Dex+4}
 10137 | D:7      | Learned a level 3 spell: Ozocubu's Armour
 10141 | D:7      | Noticed Duvessa
 10141 | D:7      | Noticed Dowan
 10192 | D:7      | Reached skill level 6 in Transmutations
 10583 | D:7      | Reached skill level 5 in Spellcasting
 10729 | D:7      | Reached skill level 6 in Stealth
 10766 | D:7      | Noticed a two-headed ogre
 10785 | D:7      | Reached skill level 7 in Transmutations
 10828 | D:7      | Killed a two-headed ogre
 10829 | D:7      | Reached XP level 10. HP: 14/42 MP: 9/19
 11142 | D:7      | Killed Dowan
 11143 | D:7      | Reached skill level 6 in Spellcasting
 11149 | D:7      | Killed Duvessa
 11343 | D:8      | Reached skill level 3 in Dodging
 11414 | D:8      | Reached *** piety under Dithmenos
 11497 | D:8      | Learned a level 4 spell: Hailstorm
 11532 | D:8      | Found Vabedep's Armour Shop.
 11555 | D:8      | Reached skill level 8 in Transmutations
 12376 | D:9      | Found a burning altar of Makhleb.
 12615 | D:9      | Noticed a soul eater
 12617 | D:9      | Reached skill level 7 in Spellcasting
 12887 | D:9      | Learned a level 3 spell: Tukima's Dance
 12940 | D:10     | Entered Level 10 of the Dungeon
 12993 | D:10     | Reached skill level 9 in Transmutations
 13109 | D:10     | Found Ollunn's Antique Armour Boutique.
 13136 | D:10     | Found an ancient bone altar of Kikubaaqudgha.
 13157 | D:10     | Found a staircase to the Lair.
 13168 | D:10     | Reached skill level 1 in Evocations
 13195 | D:10     | Reached skill level 6 in Earth Magic
 13258 | D:10     | Found an iron altar of Okawaru.
 13291 | D:10     | HP: 11/63 [troll (9)]
 13294 | D:10     | HP: 3/63 [troll (10)]
 13299 | D:10     | Reached skill level 7 in Earth Magic
 13302 | D:10     | HP: 12/63 [troll (3)]
 13805 | D:10     | Reached XP level 11. HP: 45/45 MP: 19/22
 13832 | D:10     | Found a sacrificial altar of Ru.
 13936 | D:10     | Found a white marble altar of Elyvilon.
 13963 | D:10     | Reached skill level 10 in Transmutations
 14168 | Lair:1   | Entered Level 1 of the Lair of Beasts
 14407 | D:11     | Noticed Josephine
 14408 | D:11     | Noticed a two-headed ogre
 14434 | D:11     | Killed Josephine
 14435 | D:11     | Reached skill level 8 in Earth Magic
 14445 | D:11     | HP: 16/100 [two-headed ogre (13)]
 14447 | D:11     | Killed a two-headed ogre
 14878 | D:11     | Found an iron altar of Okawaru.
 15061 | Lair:1   | Noticed a six-headed hydra
 15069 | Lair:1   | Killed a six-headed hydra
 15120 | Lair:1   | Reached skill level 9 in Earth Magic
 15127 | Lair:1   | Reached skill level 6 in Unarmed Combat
 15442 | Lair:1   | Reached skill level 8 in Spellcasting
 15591 | Lair:1   | Reached skill level 7 in Unarmed Combat
 15679 | Lair:1   | Noticed an oklob plant
 15680 | Lair:1   | Noticed an oklob plant
 15680 | Lair:1   | Noticed an oklob plant
 16584 | Lair:2   | Noticed a bog body
 16585 | Lair:2   | Found a staircase to the Swamp.
 16585 | Lair:2   | Noticed a bog body
 16599 | Lair:2   | Killed a bog body
 16606 | Lair:2   | Killed a bog body
 16607 | Lair:2   | Reached skill level 11 in Transmutations
 16607 | Lair:2   | Gained mutation: Your thick and shaggy fur keeps you warm.
                  | (AC +3, rC+) [Felid growth]
 16607 | Lair:2   | Reached XP level 12. HP: 48/48 MP: 21/25
 16664 | Lair:2   | Noticed an eight-headed hydra
 16671 | Lair:2   | Killed an eight-headed hydra
 16672 | Lair:2   | Reached skill level 8 in Unarmed Combat
 17051 | Lair:2   | Reached **** piety under Dithmenos
 17065 | Lair:2   | Noticed Sonja
 17076 | Lair:2   | Killed Sonja
 17086 | Lair:2   | Reached skill level 9 in Unarmed Combat
 17199 | Lair:2   | Learned a level 3 spell: Lesser Beckoning
 17408 | Lair:2   | Found a hole to the Spider Nest.
 17912 | Lair:3   | Reached skill level 10 in Unarmed Combat
 17912 | Lair:3   | Reached skill level 4 in Dodging
 17953 | Lair:3   | Reached skill level 7 in Stealth
 17954 | Lair:3   | Reached skill level 1 in Invocations
 18317 | Lair:3   | Noticed a five-headed hydra
 18328 | Lair:3   | Killed a five-headed hydra
 18329 | Lair:3   | Reached skill level 5 in Dodging
 18329 | Lair:3   | Reached skill level 2 in Invocations
 18934 | Lair:4   | Acquired the amulet of Terra Nullius {Acrobat rPois rF+
                  | Int+2 Stlth-}
 18936 | Lair:4   | Acquired a book of Decay
 18958 | Lair:4   | Reached skill level 4 in Fighting
 18963 | Lair:4   | Found a transporter.
 18986 | Lair:4   | Found a transporter.
 18997 | Lair:4   | Reached skill level 8 in Stealth
 19336 | Lair:4   | Reached skill level 3 in Invocations
 19388 | Lair:4   | Upgraded the game from 0.28-a0-1312-g71652a0310 to
                  | 0.28-a0-1339-ga5422284a4
 19486 | Lair:4   | Noticed a six-headed hydra
 19491 | Lair:4   | Killed a six-headed hydra
 19492 | Lair:4   | Reached skill level 6 in Dodging
 19594 | Lair:4   | Reached XP level 13. HP: 41/54 MP: 12/26
 20119 | Lair:5   | Found a dark tunnel.
 20135 | Lair:5   | Reached skill level 5 in Fighting
 20135 | Lair:5   | Reached skill level 9 in Stealth
 20140 | Volcano  | Entered a volcano
 20355 | Volcano  | Reached ***** piety under Dithmenos
 20356 | Volcano  | Reached skill level 4 in Invocations
 20389 | Volcano  | Reached skill level 7 in Dodging
 20613 | Lair:5   | Reached skill level 8 in Invocations
 20613 | Lair:5   | Reached XP level 14. HP: 58/58 MP: 23/27
 20743 | Lair:5   | Reached skill level 11 in Unarmed Combat
 20747 | Lair:5   | Upgraded the game from 0.28-a0-1339-ga5422284a4 to
                  | 0.28-a0-1356-g2ad6d04315
 21157 | Lair:5   | Found a transporter.
 21158 | Lair:5   | Found a transporter.
 21355 | Lair:6   | Entered Level 6 of the Lair of Beasts
 21439 | Lair:6   | Reached skill level 10 in Stealth
 21446 | Lair:6   | Reached skill level 6 in Fighting
 21600 | Lair:6   | Noticed Rupert
 21614 | Lair:6   | Killed Rupert
 21615 | Lair:6   | Reached skill level 8 in Dodging
 21983 | Lair:6   | Reached skill level 9 in Invocations
 21989 | Lair:6   | Found a staircase to the Slime Pits.
 22118 | Lair:6   | Found a viscous altar of Jiyva.
 22205 | Lair:6   | HP: 17/78 [oklob plant/splash of acid (24)]
 22211 | Lair:6   | HP: 8/78 [oklob plant/splash of acid (10)]
 23021 | D:11     | Wollwoll: hi
 23142 | D:11     | Charmandara: hi
 23407 | D:12     | Found a staircase to the Orcish Mines.
 23418 | D:12     | Reached skill level 9 in Dodging
 23474 | D:12     | Wollwoll: do you mind if I chat a bit lol
 23477 | D:12     | Charmandara: not at all
 23477 | D:12     | Charmandara: I'll probably only respond intermitantly
 23477 | D:12     | Charmandara: how are you?
 23481 | D:12     | Reached skill level 7 in Fighting
 23516 | D:12     | Wollwoll: doing pretty well lol
 23558 | D:12     | Wollwoll: I started reading a webnovel called Playtime
                  | Diary of an Evil Young Girl lol
 23760 | D:12     | Wollwoll: it's pretty good overall, a few things have
                  | seemed slightly unrealistic but quality is much better than
                  | most webnovels you find
 23760 | D:12     | Charmandara: that sounds fun
 23760 | D:12     | Wollwoll: it's... a VRMMO novel?
 23760 | D:12     | Charmandara: i love horror
 23760 | D:12     | Charmandara: ooh
 23760 | D:12     | Charmandara: cyberpunk
 23780 | D:12     | Wollwoll: basically instead of following the usual plot
 24045 | D:12     | Wollwoll: it follows this girl who decides to just
                  | slaughter all the npcs because it's fun lol
 24072 | Orc:1    | Entered Level 1 of the Orcish Mines
 24074 | Orc:1    | Wollwoll: it doesn't exactly have a sense of tension, it's
                  | more just a fun thing, since the stakes aren't that high
 24074 | Orc:1    | Wollwoll: if you get killed you just respawn so
 24074 | Orc:1    | Charmandara: :D
 24088 | D:12     | Reached XP level 15. HP: 55/64 MP: 19/28
 24089 | D:12     | Reached skill level 12 in Unarmed Combat
 24203 | Orc:1    | Wollwoll: but yeah, she's one of the first players and
                  | starts out the game by beheading the tutorial npc and PKing
                  | most of the other level 1 players for kicks
 24262 | Orc:1    | Charmandara: lol
 24262 | Orc:1    | Charmandara: its like who toby fox made the genocide run of
                  | undertale about
 24274 | Orc:1    | Reached skill level 2 in Evocations
 24275 | Orc:1    | Wollwoll: I haven't heard of that actually
 24276 | Orc:1    | Wollwoll: who's toby fox?
 24282 | Orc:1    | Wollwoll: I know what undertale is and I vaguely know what
                  | the genocide route is
 24296 | Orc:1    | HP: 19/85 [orc knight (3)]
 24297 | Orc:1    | Wollwoll: ah, he's the developer lol
 24297 | Orc:1    | Wollwoll: that makes sense
 24297 | Orc:1    | Charmandara: brb
 24297 | Orc:1    | HP: 5/62 [deep elf pyromancer/bolt of fire (9)]
 24297 | Orc:1    | Mangled by an orc knight
 24298 | Orc:1    | Reached XP level 14. HP: -6/56 MP: 13/27
 24298 | Orc:1    | Reached skill level 5 in Evocations
 24298 | Orc:1    | Reached XP level 15. HP: 66/66 MP: 28/28
 24408 | Orc:1    | Reached skill level 10 in Invocations
 24617 | Orc:2    | Entered Level 2 of the Orcish Mines
 24690 | Orc:1    | Wollwoll: anyway yeah
 24690 | Orc:1    | Wollwoll: the unrealism I talked about is mostly how she
                  | was so successful initially
 24690 | Orc:1    | Wollwoll: instead of just immediately getting player mobbed
 24690 | Orc:1    | Wollwoll: even if she did have good skills
 24690 | Orc:1    | Charmandara: makes sense
 24732 | Orc:2    | Found Axkiywk's Book Boutique.
 24736 | Orc:2    | Wollwoll: but afterwards her power makes sense since she
                  | basically snowballs from killing so many people
 24736 | Orc:2    | Wollwoll: also there was this weird thing where she throws
                  | "iron scraps" as projectile weapons?
 24736 | Orc:2    | Wollwoll: might have been a translation thing
 24736 | Orc:2    | Wollwoll: it's originally in japanese
 24736 | Orc:2    | Charmandara: probably translation
 24736 | Orc:2    | Charmandara: that or a reference to like tetsuo ironman or
                  | something
 24736 | Orc:2    | Bought a manual of Fighting for 1440 gold pieces
 24757 | Orc:2    | Wollwoll: anyway, the side characters are pretty fun too
 24763 | Orc:2    | Reached skill level 8 in Fighting
 24786 | Orc:2    | Wollwoll: the game has a karma system like a lot of mmos do
 24869 | Orc:2    | Wollwoll: you're sorted into order, neutrality, or chaos
                  | based on your actions
 24906 | Orc:2    | Wollwoll: basically the more positive karma you have the
                  | better as an order player
 24908 | Orc:2    | Wollwoll: and the more negative karma as a chaos player
 24910 | Orc:2    | Wollwoll: neutral players get a bonus for being close to 0
                  | karma
 24929 | Orc:2    | Wollwoll: all the faction leaders are kind of weird lol
 24936 | Orc:2    | Reached skill level 13 in Unarmed Combat
 24938 | Orc:2    | Wollwoll: like, there's "absolutely inviolable area", the
                  | most powerful Neutral player
 24942 | Orc:2    | Wollwoll: MC hasn't met him, but he seems to be as strong
                  | as her pretty much
 24942 | Orc:2    | Wollwoll: he's famous for having exactly 0 karma
 24942 | Orc:2    | Charmandara: that's fun
 24942 | Orc:2    | Wollwoll: turns out the way he keeps it there is by
                  | "balancing out" what he does
 24942 | Orc:2    | Wollwoll: there was this interlude depicting a player forum
                  | lo
 24942 | Orc:2    | Wollwoll: *lol*
 24942 | Orc:2    | Wollwoll: you get one of those once in a while and they're
                  | fun
 24942 | Orc:2    | Charmandara: haha i love that
 24942 | Orc:2    | Charmandara: formatting and all?
 24942 | Orc:2    | Wollwoll: yeah
 24942 | Orc:2    | Charmandara: like lurking the tavern or something
 24948 | Orc:2    | Found Roulaoph's Antique Armour Shop.
 24960 | Orc:2    | Wollwoll: and there was this player who mentioned
                  | Absolutely Inviolable Area was nice but kind of weird
 25110 | Orc:2    | Found Velom's Magic Scroll Shoppe.
 25113 | Orc:2    | Wollwoll: the player said they ended up leaving AIA's party
 25122 | Orc:2    | HP: 11/87 [orc knight (24)]
 25123 | Orc:2    | Wollwoll: because he'd do things like
 25123 | Orc:2    | Wollwoll: PKing the other party members to get his karma
                  | back to 0 after doing something heroic
 25123 | Orc:2    | Wollwoll: or randomly slapping people
 25124 | Orc:2    | Slain by an orc knight
 25125 | Orc:2    | Reached XP level 14. HP: -2/81 MP: 23/27
 25125 | Orc:2    | Wollwoll: there was this anecdote about how his karma
                  | increased for helping an old lady across the street or
                  | something
 25137 | Orc:2    | Wollwoll: so then he hit her
 25149 | Orc:2    | Reached skill level 9 in Fighting
 25283 | Orc:2    | Charmandara: hahaha
 25412 | Orc:2    | Noticed an orc warlord
 25433 | Orc:2    | HP: 13/83 [orc warlord (20)]
 25434 | Orc:2    | Slain by an orc warrior

Illustrated notes

Levels and vault maps discovered:
D:1:      doesnt_arrival_eight_statues, layout_basic
D:2:      layout_basic, shapermc_ecumenical_altar_acropolis,
          minmay_fountain_box, uniq_jessica
D:3:      layout_loops_ring
D:4:      minmay_general_purpose_star, layout_loops_corners,
          lemuel_doored_altar, mainiacjoe_overflow_cross_hatched,
          minmay_temple_entry_fiery, serial_shops, nicolae_shop_stone, shop,
          nicolae_shop_crystal, shop, portal_sewer_entry_c,
          kennysheep_generic_room_9, uniq_edmund
D:5:      layout_rooms, kennysheep_mini
D:6:      layout_cave_pools, serial_glass, glass_columns_c, glass_columns_a,
          kennysheep_small_spiral, nrook_loot_triangle, uniq_eustachio
D:7:      minmay_chambers_of_fours, layout_basic, old_standard_altar,
          enter_bailey_3, uniq_duvessa
D:8:      layout_rooms, serial_shops, shop
D:9:      layout_basic, bloody_makhleb
D:10:     layout_irregular_city, general_overflow_altar,
          mainiacjoe_overflow_alcove_2, mainiacjoe_overflow_large_starburst,
          lair_entry_dummy, serial_shops, nicolae_shop_advertising_works
          [nicolae_subvault_shop_adworks], minmay_chambers_of_fives
D:11:     layout_roguey, serial_bayou, serial_bayou_pond_e, serial_bayou_pond_a,
          serial_bayou_pond_c, serial_bayou_pond_e, serial_bayou_ford_a,
          ebering_dispersal_statue_hall, kennysheep_okawaru_gauntlet,
          uniq_josephine
D:12:     layout_rooms
Temple:   nicolae_temple_god_jail
Lair:1:   dpeg_oklob_gauntlet, layout_regular_city, st_stairs_4
Lair:2:   hellmonk_ruined_rings, layout_gridlike, skrybe_swamp_entry_bodies,
          nicolae_spider_entry_orb_guardian, uniq_sonja
Lair:3:   layout_cave_pods, grunt_megastairs_2, lemuel_fruit_tree
Lair:4:   gammafunk_worm_tunnel, layout_cave_pods
Lair:5:   gammafunk_boulding_lane, layout_loops_ring,
          nicolae_volcano_entry_lava_flow
Lair:6:   gammafunk_lair_ancient_temple, layout_long_grid, slime_altar_1,
          chequers_serial_rivers_marsh, uniq_rupert
Orc:1:    layout_caves, biasface_ghost_orc_armoury, serial_shops,
          nicolae_shop_overgrown_old_shop, elves_outpost_lemuel, uniq_maurice
Orc:2:    st_orc_town, layout_caves, serial_shops, shop_statue

Skill      XL: |  1  2  3  4  5  6  7  8  9 10 11 12 13 14 15 |
---------------+----------------------------------------------+-----
Ice Magic      | 4 5 6 |  6.0
Hexes          | 2 |  2.0
Necromancy     | 1 |  1.0
Spellcasting   | 4 5 7 8 |  8.0
Transmutations | 1 3 4 7 9 11 | 11.0
Earth Magic    | 1 2 4 5 7 9 |  9.0
Fighting       | 2 3 4 5 9 8 |  9.2
Unarmed Combat | 2 5 7 10 11 13 | 13.2
Stealth        | 4 6 8 9 10 | 10.8
Dodging        | 3 6 7 9 |  9.0
Evocations     | 1 5 2 |  5.2
Invocations    | 3 8 9 10 | 10.0

Action                   |  1- 3 |  4- 6 |  7- 9 | 10-12 | 13-15 || total
-------------------------+-------+-------+-------+-------+-------++-------
Melee: Unarmed           |     7 |    22 |   206 |   417 |   460 ||  1112
       Bite              |     1 |     3 |    18 |    41 |    31 ||    94
       Punch             |       |       |     5 |    13 |    27 ||    45
 Cast: Freeze            |    47 |   113 |    83 |    24 |       ||   267
       Frozen Ramparts   |       |     4 |    29 |    32 |    30 ||    95
       Ensorcelled Hiber |       |     2 |     9 |    16 |     1 ||    28
       Animate Skeleton  |       |       |     6 |     3 |       ||     9
       Ozocubu's Armour  |       |       |     1 |     4 |       ||     5
       Statue Form       |       |       |       |    26 |    42 ||    68
       Hailstorm         |       |       |       |     2 |     1 ||     3
       Tukima's Dance    |       |       |       |       |     9 ||     9
Invok: Shadow Step       |       |       |       |     4 |     3 ||     7
       Shadow Form       |       |       |       |       |     1 ||     1
Evoke: Wand              |       |       |     8 |    19 |     4 ||    31
       Piece from Xom's  |       |       |       |       |     3 ||     3
       Phial of floods   |       |       |       |       |     1 ||     1
  Use: Scroll            |       |     3 |    19 |     7 |     7 ||    36
       Potion            |       |       |     9 |    10 |    10 ||    29
 Stab: Sleeping          |       |     3 |    11 |    42 |    12 ||    68
       Invisible         |       |       |       |     3 |     7 ||    10
       Distracted        |       |       |       |     1 |     1 ||     2
Armor: Skin              |     3 |     7 |    84 |   236 |   215 ||   545
Dodge: Dodged            |    39 |    80 |   264 |   504 |   962 ||  1849
Block: Other             |       |       |    10 |   134 |     4 ||   148
       Reflection        |       |       |       |     3 |       ||     3

Table legend: (Time is in decaauts)
 A = Elapsed time spent in this place.
 B = Non-inter-level travel time spent in this place.
 C = Inter-level travel time spent in this place.
 D = Time resting spent in this place.
 E = Time spent auto-exploring this place.
 F = Levels seen in this place.
 G = Mean time per level.
                   A        B        C        D        E       F      G
               +--------+--------+--------+--------+--------+-----+--------+
         Total |  24107 |  22921 |   1186 |   6026 |  10594 |  24 | 1004.5 |
       Dungeon |  12908 |  12068 |    840 |   3286 |   5616 |  12 | 1075.7 |
        Temple |    102 |    102 |      0 |      0 |     71 |   1 |  102.0 |
          Lair |   7628 |   7330 |    298 |   1460 |   4021 |   6 | 1271.3 |
  Orcish Mines |   1295 |   1248 |     47 |    221 |    430 |   2 |  647.5 |
         Sewer |    714 |    714 |      0 |    207 |    343 |   1 |  714.0 |
        Bailey |   1113 |   1113 |      0 |    669 |    111 |   1 | 1113.0 |
       Volcano |    345 |    345 |      0 |    182 |      0 |   1 |  345.0 |
               +--------+--------+--------+--------+--------+-----+--------+

Top non-repeatable levels by time:
     D:4: 2386 daAuts
  Lair:6: 1427 daAuts
  Lair:2: 1409 daAuts
  Lair:1: 1397 daAuts
    D:11: 1262 daAuts
  Lair:5: 1201 daAuts
     D:2: 1166 daAuts
  Bailey: 1113 daAuts
     D:7: 1103 daAuts
  Lair:4: 1097 daAuts
  Lair:3: 1095 daAuts
    D:10: 1078 daAuts
     D:9: 1005 daAuts
     D:6: 997 daAuts
     D:5: 940 daAuts

Table legend:
 A = Kills in this place as a percentage of kills in entire the game.
 B = Kills by you in this place as a percentage of kills by you in the entire game.
 C = Kills by friends in this place as a percentage of kills by friends in the entire game.
 D = Other kills in this place as a percentage of other kills in the entire game.
 E = Experience gained in this place as a percentage of experience gained in the entire game.
 F = Experience gained in this place divided by the number of levels of this place that you have seen.
                   A       B       C       D       E      F
               +-------+-------+-------+-------+-------+----------------------
         Total | 100.0 | 100.0 | 100.0 | 100.0 | 100.0 | 3644.9
       Dungeon |  49.4 |  49.6 |  37.5 |  33.3 |  27.1 | 1976.7
          Lair |  24.8 |  25.3 |   0.0 |   0.0 |  50.6 | 7376.8
  Orcish Mines |  15.0 |  14.4 |  37.5 |  66.7 |  16.4 | 7183.5
         Sewer |   4.3 |   4.4 |   0.0 |   0.0 |   0.1 | 121.0
        Bailey |   4.5 |   4.2 |  25.0 |   0.0 |   1.1 | 990.0
       Volcano |   2.1 |   2.2 |   0.0 |   0.0 |   4.6 | 4019.0
               +-------+-------+-------+-------+-------+----------------------
